AoeStats
← DKing

Black Forest

509631856Analyzed
4v4 RM · 5d ago on Sep 27, 2026· 53m 8s· 8 players
Game mode
Random Map
Map size
Large (8 player)
Population
200
Speed
Normal
Resources
Standard
Victory
Conquest
Starting age
Dark Age
Ending age
Imperial Age
RankedLock teamsTeams togetherTeam positionsShared explorationLock speedFull tech treeHidden civsTurbo modeCheats
Victory
Defeat
🇨🇳 Byzantines · China
1335
+12
🇨🇳 Persians · China
1256
+15
🇨🇳 Dravidians · China
1234
+16
🇨🇳 Bohemians · China
1212
+17
🇨🇳 Bohemians · China
1310
-17
🇵🇹 Khmer · Portugal
1261
-16
🇩🇪 Dravidians · Germany
1218
-14
🇨🇳 Franks · China
1190
-13
DKing
10:19 Feudal Age
14:57 Castle Age
13:11 Double-Bit Axe
13:36 Horse Collar
20:28 Wheelbarrow
19:48 Loom
21:35 Loom
22:45 Bow Saw
23:46 Hand Cart
23:19 Town Watch
24:12 Heavy Plow
24:05 Gold Mining
26:56 Stone Mining
28:33 Gold Shaft Mining
28:14 Fletching
28:35 Forging
28:31 Scale Barding Armor
31:10 Imperial Age
29:24 Ballistics
29:16 Fortified Wall
30:09 Padded Archer Armor
30:17 Light Cavalry
31:08 Bloodlines
30:59 Husbandry
30:57 Pikeman
34:40 Hussar
35:17 Bodkin Arrow
35:17 Elite Skirmisher
37:42 Leather Archer Armor
39:45 Chain Barding Armor
40:01 Iron Casting
41:17 Crop Rotation
41:27 Plate Barding Armor
40:18 Elite Battle Elephant
41:04 Caravan
42:55 Blast Furnace
42:56 Conscription
42:39 Tusk Swords
43:15 Hoardings
43:28 Scale Mail Armor
44:59 Chemistry
44:09 Siege Engineers
45:26 Ring Archer Armor
44:57 Bracer
45:54 Chain Mail Armor
NoYc..
12:23 Feudal Age
13:23 Double-Bit Axe
13:23 Horse Collar
16:07 Castle Age
18:18 Wheelbarrow
19:25 Bow Saw
19:29 Loom
25:17 Gold Mining
25:19 Stone Mining
26:04 Fletching
26:14 Padded Archer Armor
26:30 Hand Cart
26:01 Town Watch
26:40 Caravan
29:48 Imperial Age
27:15 Bodkin Arrow
28:10 Town Patrol
28:26 Leather Archer Armor
28:17 Scale Barding Armor
28:48 Ballistics
29:04 Heavy Plow
30:59 Husbandry
31:04 Bracer
31:34 Ring Archer Armor
32:07 Chemistry
31:18 Elite Elephant Archer
32:37 Chain Barding Armor
33:26 Conscription
34:43 Thumb Ring
38:38 Heavy Scorpion
41:21 Two-Man Saw
48:05 Onager
1722767622
9:47 Feudal Age
10:55 Double-Bit Axe
11:53 Loom
15:48 Castle Age
16:01 Loom
16:13 Horse Collar
17:14 Bow Saw
18:44 Wheelbarrow
24:33 Fervor
26:16 Hand Cart
29:48 Imperial Age
27:29 Scale Mail Armor
27:27 Town Watch
28:41 Fletching
29:07 Chain Mail Armor
29:48 Forging
30:57 Chemistry
30:17 Ballistics
30:02 Heavy Plow
30:47 Siege Engineers
31:03 Masonry
31:25 Houfnice
32:34 Conscription
31:59 Pikeman
32:39 Squires
33:31 Wagenburg Tactics
33:37 Halberdier
36:08 Plate Mail Armor
35:34 Bodkin Arrow
37:04 Iron Casting
36:30 Bracer
36:06 Man-at-Arms
37:02 Long Swordsman
39:09 Two-Handed Swordsman
39:35 Arson
40:20 Heavy Scorpion
42:24 Champion
cihuncihome
1:05 Loom
14:18 Feudal Age
18:23 Castle Age
16:54 Double-Bit Axe
17:35 Gold Mining
20:26 Bow Saw
25:41 Stone Mining
28:39 Wheelbarrow
27:51 Town Watch
31:55 Imperial Age
31:01 Hand Cart
33:19 Conscription
33:01 Chivalry
33:04 Husbandry
32:27 Cavalier
33:43 Pikeman
33:50 Paladin
34:17 Halberdier
39:13 Squires
46:58 Sanctity
46:51 Fervor
50:17 Block Printing
51:29 Theocracy
cyfantax
10:40 Feudal Age
14:08 Castle Age
12:08 Double-Bit Axe
13:31 Horse Collar
21:41 Loom
22:34 Gold Mining
24:09 Wheelbarrow
23:34 Fletching
25:07 Bodkin Arrow
25:36 Heavy Plow
26:56 Hand Cart
28:25 Ballistics
28:26 Thumb Ring
32:27 Imperial Age
30:32 Padded Archer Armor
32:47 Elite Elephant Archer
32:55 Elite Elephant Archer
33:42 Bracer
33:50 Siege Elephant
35:08 Leather Archer Armor
37:16 Chemistry
37:31 Ring Archer Armor
37:23 Elite Skirmisher
39:23 Wootz Steel
43:35 Town Watch
44:35 Scale Barding Armor
49:29 Stone Mining
52:01 Hoardings
52:30 Fortified Wall
51:56 Light Cavalry
52:36 Husbandry
风花雪月
11:25 Feudal Age
15:33 Castle Age
13:42 Double-Bit Axe
14:29 Horse Collar
20:16 Wheelbarrow
21:17 Bow Saw
22:39 Heavy Plow
24:10 Gold Mining
26:15 Gold Shaft Mining
26:39 Hand Cart
30:01 Imperial Age
27:27 Stone Mining
27:44 Scale Barding Armor
28:03 Town Watch
28:44 Chain Barding Armor
28:29 Loom
29:42 Forging
29:39 Husbandry
29:50 Bloodlines
30:58 Plate Barding Armor
31:00 Iron Casting
31:17 Stone Shaft Mining
32:07 Two-Man Saw
31:40 Crop Rotation
30:50 Elite War Elephant
31:55 Conscription
35:41 Blast Furnace
34:32 Fletching
36:45 Citadels
36:35 Kamandaran
37:12 Hoardings
38:54 Masonry
38:44 Bodkin Arrow
40:46 Chemistry
40:17 Architecture
40:08 Ballistics
39:50 Padded Archer Armor
40:32 Crossbowman
42:00 Thumb Ring
42:25 Leather Archer Armor
42:09 Murder Holes
52:04 Ring Archer Armor
51:51 Guilds
52:12 Coinage
51:43 Caravan
S.T.A.R.S. Wesker
0:44 Loom
12:46 Feudal Age
16:20 Castle Age
14:18 Double-Bit Axe
14:30 Horse Collar
17:24 Bow Saw
25:08 Wheelbarrow
28:36 Imperial Age
26:27 Fletching
27:23 Bodkin Arrow
27:29 Padded Archer Armor
29:47 Bracer
30:49 Chemistry
30:10 Ballistics
31:11 Hand Cart
30:41 Elite Skirmisher
31:54 Conscription
33:10 Leather Archer Armor
33:50 Fortified Wall
大理段正纯
0:44 Loom
14:56 Feudal Age
19:41 Castle Age
18:00 Double-Bit Axe
Connection lost

Rejoining the realm…

Still unreachable

The connection could not be restored.

Session expired

The server has moved on; the page needs a fresh start.